[Event "3rd VIZAG GM-Open 2022"]
[Site "Visakapatnam"]
[Date "2022.06.13"]
[Round "3.12"]
[White "Nguyen, Van Huy"]
[Black "Mayank Chakraborty"]
[Result "1-0"]
[ECO "E01"]
[WhiteElo "2405"]
[BlackElo "2015"]
[Annotator "TA"]
[PlyCount "105"]
[EventDate "2022.06.13"]
[EventType "swiss"]
[EventCountry "IND"]
[SourceTitle "playchess.com"]
[Source "ChessBase"]
[SourceQuality "1"]
[TimeControl "5400+30"]

1. d4 Nf6 2. Nf3 e6 3. c4 d5 4. g3 dxc4 5. Qa4+ Nc6 6. Qxc4 {[%emt 0:02:00] E01: Catalan: Early deviations.} Qd5 7. Qd3 Nb4 8. Qd1 {[%emt 0:01:01] [#] The position is equal.} e5 $146 ({Predecessor:} 8... Qf5 9. Na3 Bd7 10. Bg2 Bc6 11. O-O Be7 12. b3 Qh5 13. Nc4 Rd8 14. a3 Nbd5 {0-1 (68) Uzintseva,D (1326)-Kvachko,A (1882) Moscow 2021}) 9. Nc3 (9. a3 $14 Qa5 10. Bd2) 9... Qa5 (9... Qd6 $11 {remains equal.}) 10. Nxe5 $16 {[%emt 0:09:58][%cal Bf3e5,Be5c4,Bc4e3][%mdl 32] Strongly threatening Bg2.} ({Stronger than} 10. dxe5 Bf5 $1 11. Bg2 Nc2+ 12. Kf1 Ne4 $1 13. Nxe4 Bxe4 $11) 10... Bf5 {[%emt 0:00:36] aiming for ...Nc2+.} 11. Nc4 Qa6 12. Ne3 {[%emt 0:00:47] Prevents Nc2+.} Bg6 13. Bh3 Rd8 14. O-O Bc5 15. Qb3 $1 Rxd4 16. Nf5 Bxf5 17. Bxf5 Rd8 18. Bf4 Nbd5 19. Nxd5 Nxd5 (19... Rxd5 $2 20. Be4 $1 Rd4 21. Qxb7 (21. Bxb7 Qb6 $18) 21... Qxb7 22. Bxb7 $18) 20. Rad1 Nxf4 21. Rxd8+ ({But not} 21. gxf4 Rxd1 22. Qxd1 Bd6 $11) 21... Kxd8 22. gxf4 {[%emt 0:00:10] Threatens to win with Rd1+.} Ke8 23. Qc3 {[%emt 0:03:46] White is more active.} Qd6 24. e3 (24. Bc2 $16) 24... Ke7 ({Black should play} 24... Kf8 $14) 25. Bg4 Bb4 26. Qc4 {[%emt 0:01:06] And now Rd1 would win.} Rd8 27. Rd1 Bd2 28. Qe4+ Kf8 29. Qxh7 Qg6 30. Qxg6 fxg6 {[%emt 0:00:01][%mdl 4096] Endgame KRB-KRB} 31. Kf1 {[%emt 0:00:13] Ke2 is the strong threat.} Ke7 32. Ke2 Bb4 33. Rxd8 Kxd8 {[%emt 0:00:02] KB-KB} 34. Bf3 b6 35. Be4 Ke7 36. Bxg6 Kf6 37. Bd3 a5 {[%emt 0:00:14] [#]} (37... Be7 {was worth a try.} 38. Kf3 Ke6) 38. a4 $1 $18 Bd6 39. Kf3 Bb4 40. h4 Bd2 (40... Kf7 $142 41. Kg4 Bc5) 41. h5 Bc1 $2 (41... Kf7 42. e4 Bc1) 42. b3 Bd2 43. Kg4 Be1 44. f3 Bd2 45. e4 Be3 46. Bc4 Bd2 47. e5+ Ke7 48. f5 {[%emt 0:00:05] Hoping for f4.} Be3 49. f4 Bd2 50. f6+ gxf6 51. h6 {[%emt 0:00:12] White mates.} Kf8 52. exf6 Bc3 53. Kf5 {[%emt 0:25:12] Weighted Error Value: White=0.05 (flawless) /Black=0.29 (precise)} 1-0

[Event "3rd VIZAG GM-Open 2022"]
[Site "Visakapatnam"]
[Date "2022.06.13"]
[Round "3.13"]
[White "Aditya Varun Gampa"]
[Black "Abdurakhmonov, Mukhammadali"]
[Result "1-0"]
[ECO "B41"]
[WhiteElo "1836"]
[BlackElo "2308"]
[Annotator "TA"]
[PlyCount "63"]
[EventDate "2022.06.13"]
[EventType "swiss"]
[EventCountry "IND"]
[SourceTitle "playchess.com"]
[Source "ChessBase"]
[SourceQuality "1"]
[TimeControl "5400+30"]

1. e4 c5 2. Nf3 e6 3. d4 cxd4 4. Nxd4 a6 5. c4 Nf6 6. Nc3 Qc7 7. Be2 b6 8. Be3 Bb7 {[%emt 0:00:30] B41: Sicilian: Kan Variation: 5 c4.} 9. f3 d6 10. O-O Be7 {[%emt 0:00:30] White is slightly better.} 11. Rc1 O-O 12. Kh1 {[%emt 0:00:30] White is more active.} Nbd7 13. g4 {[%emt 0:00:30][%cal Bg2g4,Bg4g5][%mdl 32] [#]} Ne5 $146 (13... h6 $11 {is more appropriate.}) ({Predecessor:} 13... g6 14. g5 Nh5 15. f4 Ng7 16. b3 Rac8 17. Bf3 Qb8 18. Qe2 Qa8 19. Qg2 Nc5 {0-1 (71) Sorin,M (2234)-Khristovoy,D (2005) Chess.com INT 2020}) 14. g5 $14 Nfd7 15. b3 Qd8 16. f4 ({White should try} 16. h4 $14) 16... Ng6 $11 17. f5 (17. Rg1 {with more complications.} Re8 18. Bf3 Nxf4 19. Bxf4 e5 20. Qd2) 17... exf5 18. Nxf5 Bxg5 19. Bxg5 Qxg5 20. Nxd6 Bc6 {[%emt 0:00:30] Hoping for ...Rad8.} 21. Qd4 f5 22. Nd5 $40 {[%emt 0:00:30][%cal Rd6f5][%mdl 128] White mounts an attack.} fxe4 {[%emt 0:00:30] White must now prevent ...Nf4.} 23. Nb4 ({Don't play} 23. Qxe4 Nf4 24. Bf3 Bxd5 25. cxd5 Ne5 $17) 23... Nde5 (23... Nf4 $11 24. Rxf4 Qxf4) 24. Nxc6 $14 {[%emt 0:00:30][%mdl 64] [#] Remove Defender} Nxc6 25. Qxe4 {[%emt 0:00:30] The board is on fire.} Nce5 26. b4 Nf4 27. c5 (27. Rg1 $5 Qf6 28. c5 $11) 27... Nh3 $2 {[%emt 0:00:30][%mdl 8192] [#] A mistake that costs the game.} (27... Nxe2 $11 28. Qxe2 Rxf1+ 29. Rxf1 Rf8) 28. Rce1 {[%emt 0:00:30] White is clearly winning.} h5 29. Bc4+ Nxc4 30. Qxc4+ Kh8 31. Nf7+ Rxf7 32. Qxf7 {[%emt 0:00:30] Weighted Error Value: White=0.19 (very precise) /Black=0.37} 1-0

[Event "3rd VIZAG GM-Open 2022"]
[Site "Visakapatnam"]
[Date "2022.06.13"]
[Round "3.14"]
[White "Venkata, Krishna Karthik K"]
[Black "Nikitenko, Mihail"]
[Result "0-1"]
[ECO "B12"]
[WhiteElo "1903"]
[BlackElo "2479"]
[Annotator "TA"]
[PlyCount "70"]
[EventDate "2022.06.13"]
[EventType "swiss"]
[EventCountry "IND"]
[SourceTitle "playchess.com"]
[Source "ChessBase"]
[SourceQuality "1"]
[TimeControl "5400+30"]

1. e4 c6 2. d4 d5 3. e5 c5 4. dxc5 e6 5. Nf3 Bxc5 6. Bd3 {[%emt 0:00:30] B12: Caro-Kann: Advance Variation.} Ne7 $1 {[%emt 0:00:30][%mdl 4] is currently scoring better than 6...Nc6.} 7. O-O Ng6 8. Nbd2 {[%emt 0:00:30] White has an edge.} Nc6 9. Nb3 {[%emt 0:00:30] [#] Black must now prevent Bxg6.} Bb6 10. Re1 O-O 11. Be3 Bc7 12. Bd4 Nxd4 13. Nbxd4 Nf4 14. Bf1 {[%emt 0:00:30] [#]} f6 $146 (14... Ng6 $5 ) ({Predecessor:} 14... Ng6 15. g3 Ne7 16. a3 Nc6 17. c4 Bb6 18. cxd5 exd5 19. Rc1 Nxd4 20. Nxd4 Be6 {½-½ (30) Alderisio,P (2428)-Andeer,S (2474) ICCF email 2014}) 15. g3 Ng6 16. exf6 (16. Bh3 $14 {was the only good move.}) 16... Qxf6 $17 {[%emt 0:00:30] And now ...e5 would win.} 17. Bg2 $1 Bb6 (17... Bd7 $17 {Strongly threatening ...Rad8.} 18. Bh3 Ne5) 18. c3 {[%emt 0:00:30] White is now going downhill.} (18. Nb3 $15) 18... e5 $36 {[%emt 0:00:30][%mdl 2048] Black has strong initiative.} 19. Nc2 Bg4 20. Qxd5+ Kh8 21. Qxb7 Rab8 22. Qe4 Bxf3 23. Bxf3 Qxf3 24. Qxf3 Rxf3 25. Re2 Rbf8 26. Rf1 h5 27. Ne1 (27. Na3 $17) 27... R3f6 28. Kg2 h4 29. Nd3 Rf5 30. f3 (30. c4 $142) 30... Rd8 31. Nf2 hxg3 32. hxg3 Rg5 33. Nh3 {[%emt 0:00:30] [#]} (33. Kh2 $17) 33... Nf4+ $1 {[%emt 0:00:30] Black has a decisive advantage.} 34. Nxf4 exf4 35. g4 Be3 {[%emt 0:00:30] Weighted Error Value: White=0.30/Black=0.06 (flawless)} 0-1

[Event "3rd VIZAG GM-Open 2022"]
[Site "Visakapatnam"]
[Date "2022.06.13"]
[Round "3.15"]
[White "Mirzoev, Azer"]
[Black "Praveen K B"]
[Result "1-0"]
[ECO "D11"]
[WhiteElo "2476"]
[BlackElo "1574"]
[Annotator "TA"]
[PlyCount "49"]
[EventDate "2022.06.13"]
[EventType "swiss"]
[EventCountry "IND"]
[SourceTitle "playchess.com"]
[Source "ChessBase"]
[SourceQuality "1"]
[TimeControl "5400+30"]

1. d4 d5 2. Nf3 Bf5 3. c4 e6 4. Nc3 c6 5. Qb3 Qb6 6. c5 Qxb3 7. axb3 Na6 {[%emt 0:00:30] has lost popularity (7...Nd7).} 8. Bf4 Nf6 {[%emt 0:00:30] [#] D11: Slav Defence: 3 Nf3 sidelines and 3...Nf6 4 e3 Bg4.} 9. Rxa6 $1 bxa6 10. e3 Nh5 {[%emt 0:00:30] White is better.} 11. Bc7 {[%emt 0:00:30] [#] White is more active.} Be7 $146 ({Predecessor:} 11... Be4 12. Nxe4 dxe4 13. Nd2 Nf6 14. Bxa6 Nd5 15. Bg3 Nb4 16. Bc4 a5 17. Ke2 Be7 18. Nxe4 {1-0 (38) Leotard,C (2655)-Stull,N (2602) ICCF corr 2004}) 12. Bxa6 {[%emt 0:00:30] Threatens to win with Ne5.} Bd8 $2 (12... Kd7 $16 13. Ba5 f6) 13. Bd6 $18 {[%emt 0:00:30] [#] Hoping for Bb7.} Be7 14. Bxe7 Kxe7 15. Ne5 Rhc8 $2 (15... Nf6 {was called for.} 16. Nxc6+ Kd7) 16. Bxc8 {[%emt 0:00:30] White is clearly winning.} Rxc8 17. g4 f6 18. Nxc6+ ({Worse is} 18. gxh5 fxe5 19. dxe5 Rb8 $11) 18... Rxc6 19. gxf5 {[%emt 0:00:30][%mdl 4096] Endgame KRN-KRN} Rc8 20. b4 a6 21. fxe6 Kxe6 22. Kd2 Rb8 23. Ra1 Rxb4 24. Rxa6+ Kf5 25. Rb6 {[%emt 0:00:30] Black did not feel at home in the position after the opening.  Weighted Error Value: White=0.00 (flawless) /Black=0.97} 1-0

[Event "3rd VIZAG GM-Open 2022"]
[Site "Visakapatnam"]
[Date "2022.06.13"]
[Round "3.16"]
[White "Pawar, Harshit"]
[Black "Neelotpal, Das"]
[Result "1/2-1/2"]
[ECO "B23"]
[WhiteElo "1961"]
[BlackElo "2431"]
[Annotator "TA"]
[PlyCount "63"]
[EventDate "2022.06.13"]
[EventType "swiss"]
[EventCountry "IND"]
[SourceTitle "playchess.com"]
[Source "ChessBase"]
[SourceQuality "1"]
[TimeControl "5400+30"]

1. e4 c5 2. Nc3 Nc6 3. Bb5 Nd4 4. Bc4 e6 5. Nge2 Nf6 6. O-O {[%emt 0:00:13] B23: Closed Sicilian: Lines without g3.} a6 7. a4 Nc6 8. d4 {[%emt 0:06:13] The position is equal.} cxd4 9. Nxd4 d6 10. Be3 Be7 {[%emt 0:00:24] [#]} 11. Bb3 $146 ({Predecessor:} 11. Kh1 O-O 12. f4 Qc7 13. Bd3 Bd7 14. Qe1 Nb4 15. Qg3 Nxd3 16. cxd3 Kh8 17. Nf3 b5 18. e5 dxe5 19. fxe5 Nd5 20. Nxd5 exd5 21. Rac1 Qa5 22. e6 Bxe6 23. Bd4 Rg8 24. Ne5 Qxa4 25. Rxf7 Qxd4 26. Rxe7 Rae8 27. Rxe6 {1-0 (27) Polok,K (2089)-Khalafova,N (2130) Krakow 2011}) 11... O-O 12. f4 Bd7 13. f5 e5 14. Nxc6 Bxc6 15. Qd3 Qa5 (15... b5 $1 $11) 16. Rad1 (16. Bg5 $16) 16... Rac8 (16... Bd8 $11 {remains equal.}) 17. Bg5 $16 Rfd8 18. Bxf6 Bxf6 19. Qf3 b5 20. axb5 axb5 21. Nd5 Bxd5 22. Rxd5 Rc5 23. Rd3 Qa7 24. Kh1 Rc6 25. Rfd1 Ra6 26. Qe3 Qxe3 27. Rxe3 Rda8 28. Red3 {[%emt 0:00:35] White is more active.} Kf8 29. g3 Ke7 30. Kg2 Rc8 31. Kf3 h5 32. h4 {[%emt 0:00:57] Weighted Error Value: White=0.09 (flawless) /Black=0.13 (very precise)} 1/2-1/2

[Event "3rd VIZAG GM-Open 2022"]
[Site "Visakapatnam"]
[Date "2022.06.13"]
[Round "3.17"]
[White "Majumder Shrayan"]
[Black "Audi Ameya"]
[Result "0-1"]
[ECO "E73"]
[WhiteElo "1741"]
[BlackElo "2389"]
[Annotator "TA"]
[PlyCount "146"]
[EventDate "2022.06.13"]
[EventType "swiss"]
[EventCountry "IND"]
[SourceTitle "playchess.com"]
[Source "ChessBase"]
[SourceQuality "1"]
[TimeControl "5400+30"]

1. d4 Nf6 2. c4 g6 3. Nc3 Bg7 4. e4 O-O 5. Be2 d6 6. Be3 Na6 {[%emt 0:01:32] E73: King's Indian: Averbakh Variation without 6...c5.} 7. g4 c5 8. d5 e6 {[%emt 0:00:17] The position is equal.} 9. g5 {[%emt 0:00:59] [#]} Nd7 $146 ({Predecessor:} 9... Nh5 10. Bxh5 gxh5 11. Nge2 Re8 12. Nf4 exd5 13. Nfxd5 Bg4 14. f3 Be6 15. Qd2 Kh8 {0-1 (43) Santiago,Y (2476)-Kovalev,V (2648) Dubai 2018}) 10. dxe6 $1 Nb6 11. exf7+ Rxf7 12. Rc1 Be6 (12... Qe7 $11) 13. b3 $14 Nb4 14. Qd2 (14. h4 $1 $14) 14... Nc6 (14... a5 $11) 15. f4 Nd4 16. Nf3 (16. h4 $1 $16) 16... Qf8 (16... Nxe2 $14 17. Qxe2 (17. Kxe2 Qe7 $11) (17. Nxe2 Bh3 $14) 17... Qd7) 17. O-O ({Don't play} 17. Bxd4 cxd4 18. Nxd4 Bh3 $16) 17... Bh3 18. Rf2 ({Inferior is} 18. Nxd4 cxd4 19. Bxd4 Bxd4+ 20. Qxd4 Bxf1 21. Rxf1 Rxf4 $17) 18... Re8 19. Nxd4 ({But not} 19. Bxd4 cxd4 20. Nxd4 Bxd4 21. Qxd4 Rxf4 $16) (19. Bd3 $18 {has better winning chances.}) 19... cxd4 $16 20. Bxd4 Bxd4 21. Qxd4 {[%emt 0:00:05][%cal Of4f5] Black must now prevent f5!} Rxf4 {[%emt 0:00:03] Strongly threatening ...Re5.} 22. Qe3 $1 Rxf2 23. Qxf2 Re5 24. Qg3 Qe7 25. Kh1 Qxg5 {[%emt 0:04:27] [#]} 26. Rd1 Qxg3 27. hxg3 Nc8 28. g4 h5 $1 29. gxh5 gxh5 30. Rd5 (30. Kh2 $16 Bd7 31. Kg3) 30... h4 31. Kh2 Be6 32. Rd1 Kg7 33. Rg1+ Kf6 34. Bg4 Ne7 35. Bxe6 Rxe6 $11 {[%emt 0:01:22][%mdl 4096] Endgame KRN-KRN} 36. Kh3 Ng6 37. Nd5+ Kf7 38. Rf1+ Kg7 39. Nf4 Rxe4 40. Nxg6 Kxg6 {[%emt 0:00:02] KR-KR} 41. Rd1 Kg5 42. Rd5+ Re5 43. Rxd6 Re3+ 44. Kh2 Re2+ 45. Kh3 Rxa2 {[%emt 0:00:08] aiming for ...Rb2.} 46. Rd7 (46. Rd5+ $1 $11 Kf6 47. Kxh4) 46... b6 $17 {[%emt 0:00:02] Threatens to win with ...Kf4.} 47. Rg7+ Kf6 48. Rb7 (48. Rd7 $17 {was the crucial defense.}) 48... Ke5 49. Rd7 {[%emt 0:00:51] [#]} Ra3 $1 50. Kxh4 Rxb3 51. Rxa7 Rb4 52. Kg3 Kd4 53. Kf2 Kxc4 54. Ke2 Kc3 55. Rc7+ Kb2 56. Kd3 b5 57. Rb7 Rb3+ $2 ({Black should play} 57... Ka3 $19 {( -> ...Rb2)} 58. Kc3 Rb3+ 59. Kd2 Rb2+ 60. Ke1 b4) 58. Kd4 $11 Ka3 59. Kc5 b4 60. Ra7+ $1 Kb2 61. Kc4 $2 (61. Rd7 $11) 61... Ra3 {[%emt 0:00:28] Black mates.} 62. Rh7 b3 63. Kd3 Ka2 64. Rb7 Ra8 65. Kc3 Rc8+ 66. Kd2 b2 67. Ra7+ Kb1 68. Rb7 Rd8+ 69. Ke2 Rd5 70. Ke1 Kc2 71. Rc7+ Kb3 72. Rb7+ Kc3 73. Ke2 Rd4 {[%emt 0:00:07] Never resign too early!  Weighted Error Value: White=0.45/Black=0.22 (precise)} 0-1

[Event "3rd VIZAG GM-Open 2022"]
[Site "Visakapatnam"]
[Date "2022.06.13"]
[Round "3.18"]
[White "Chidvilash Sai Surapaneni"]
[Black "Aradhya, Garg"]
[Result "1/2-1/2"]
[ECO "C00"]
[WhiteElo "1912"]
[BlackElo "2275"]
[Annotator "NA RC"]
[PlyCount "112"]
[EventDate "2022.06.13"]
[EventType "swiss"]
[EventCountry "IND"]
[SourceTitle "playchess.com"]
[Source "ChessBase"]
[SourceQuality "1"]
[TimeControl "5400+30"]

1. c4 e6 2. e4 d5 3. cxd5 exd5 4. exd5 Nf6 5. Bb5+ Nbd7 6. Nc3 Bd6 7. Nf3 O-O 8. O-O Nb6 9. d4 Nbxd5 10. Bg5 h6 11. Bh4 Nf4 12. Qc2 Ng6 13. Bg3 Bxg3 14. hxg3 Bg4 15. Rad1 c6 16. Bc4 Ne7 17. Be2 Ned5 18. Ne5 Bxe2 19. Nxe2 Re8 20. Rfe1 Re7 21. Nc1 Qc7 22. Ncd3 Rae8 23. a3 Nd7 24. Nxd7 Rxe1+ 25. Rxe1 Rxe1+ 26. Nxe1 Qxd7 27. Nf3 g6 28. Ne5 Qe7 29. Qa4 a6 30. Qb3 Kg7 31. Qf3 Nc7 32. Qd3 Qe6 33. Nf3 Nb5 34. Qd2 g5 35. Qb4 Qd6 36. Qd2 Qd5 37. Qe3 Qe6 38. Qd2 Nd6 39. Qb4 f6 40. Qa5 Qb3 41. Qc5 Nf7 42. Qc1 a5 43. Nd2 Qd5 44. Nc4 Nd6 45. Nxd6 Qxd6 46. Qc4 Qd5 47. Qe2 Kf7 48. Qh5+ Kg7 49. Qe2 Kf8 50. Qh5 Qxd4 51. Qxh6+ Ke8 52. Qh8+ Kd7 53. Qh7+ Kc8 54. Qf5+ Kb8 55. Qxa5 Qxb2 56. Qd8+ Ka7 1/2-1/2

[Event "3rd VIZAG GM-Open 2022"]
[Site "Visakapatnam"]
[Date "2022.06.13"]
[Round "4.1"]
[White "Amonatov, Farrukh"]
[Black "Jain Kashish Manoj"]
[Result "1-0"]
[ECO "B57"]
[WhiteElo "2622"]
[BlackElo "2271"]
[Annotator "TA"]
[PlyCount "95"]
[EventDate "2022.06.13"]
[EventType "swiss"]
[EventCountry "IND"]
[SourceTitle "playchess.com"]
[Source "ChessBase"]
[SourceQuality "1"]
[TimeControl "5400+30"]

1. e4 c5 2. Nf3 d6 3. d4 cxd4 4. Nxd4 Nf6 5. Nc3 Nc6 6. Bc4 Bd7 7. Bb3 g6 8. O-O Bg7 {[%emt 0:01:40] B57: Classical Sicilian: Sozin with 6...Qb6.} 9. Nxc6 Bxc6 10. Re1 O-O {[%emt 0:00:48] The position is equal.} 11. Bg5 Nd7 12. Nd5 Bxd5 {[%emt 0:03:35] [#]} 13. exd5 $146 ({Predecessor:} 13. Bxd5 Bxb2 14. Rb1 Bf6 15. Bh6 Re8 16. Rxb7 Nc5 17. Rb1 Rc8 18. Qf3 e6 19. Bb3 {½-½ (44) Schaefer,M (2399)-Polzin,R (2469) Rogaska Slatina 2011}) 13... Bf6 14. Bh6 Bxb2 15. Bxf8 Kxf8 16. Rb1 Bf6 17. c4 Nc5 18. Qd2 Kg7 19. g3 a5 ({Black should try} 19... Rc8 $11) 20. Bc2 $14 a4 21. h4 {[%emt 0:00:00] White is more active.} Qa5 22. Qe3 Re8 23. Rb5 Qc3 24. Qxc3 Bxc3 25. Re3 Bd4 26. Re2 Bc3 {[%emt 0:08:14] Inhibits Ra5.} 27. Kg2 Kf8 28. f4 Ra8 29. g4 h6 30. g5 hxg5 31. hxg5 a3 32. Rb1 Ra6 33. Rf1 Rb6 34. Rf3 Bb2 35. f5 gxf5 36. Bxf5 Bc1 {[%emt 0:09:26] This move loses the game for Black.} (36... Rb4 $16) 37. Be6 Rb2 $2 (37... Kg7) 38. Rxf7+ $18 Ke8 39. Kf1 {[%emt 0:00:00] [#] aiming for g6.} Bxg5 40. Rg7 Bh6 41. Rg8+ Bf8 42. Re3 Rxa2 43. Rf3 {[%emt 0:00:00][%csl Gf3][%cal Rg8f8] [#]} Ra1+ 44. Kg2 Kd8 45. Rgxf8+ Kc7 46. Ra8 Na6 47. Rb3 a2 48. Rc8# {[%emt 0:00:00] Weighted Error Value: White=0.04 (flawless) /Black=0.43} 1-0

[Event "3rd VIZAG GM-Open 2022"]
[Site "Visakapatnam"]
[Date "2022.06.13"]
[Round "4.2"]
[White "Konguvel, Ponnuswamy"]
[Black "Nigmatov, Ortik"]
[Result "1-0"]
[ECO "C78"]
[WhiteElo "2331"]
[BlackElo "2463"]
[Annotator "TA"]
[PlyCount "85"]
[EventDate "2022.06.13"]
[EventType "swiss"]
[EventCountry "IND"]
[SourceTitle "playchess.com"]
[Source "ChessBase"]
[SourceQuality "1"]
[TimeControl "5400+30"]

1. e4 e5 2. Nf3 Nc6 3. Bb5 a6 4. Ba4 Nf6 5. O-O Bc5 6. c3 b5 7. Bb3 d6 8. d4 Bb6 9. Be3 $1 {[%emt 0:01:15][%mdl 4] is more profitable than 9.a4 at the moment.} (9. a4 $5 ) 9... O-O {[%emt 0:00:16] C78: Ruy Lopez: Archangelsk and Möller Defences.} 10. Nbd2 Re8 11. Re1 Na5 {[%emt 0:00:11] The position is equal.} 12. Bc2 {[%emt 0:00:44] [#]} Ng4 $146 ({Predecessor:} 12... c5 13. h3 cxd4 14. cxd4 Nc6 15. dxe5 dxe5 16. Nf1 Bxe3 17. Nxe3 Be6 18. a3 Qb6 {0-1 (26) Giri,A (2779)-Anand,V (2764) Paris 2019}) 13. Bg5 f6 14. Bh4 c5 15. b4 (15. h3 $14) 15... cxb4 $11 16. cxb4 Nc6 17. Bb3+ Kh8 (17... Be6 $2 18. d5 $18) 18. h3 $132 {[%emt 0:03:30][%mdl 2048] [#] Threatens to win with Bd5. White is fighting back} Nh6 $1 19. Bd5 Bb7 20. Nb3 Qe7 21. Qd2 Rac8 22. a3 Nd8 (22... Nf7 $11) 23. Bxb7 $14 Nxb7 24. d5 Rc4 25. Rac1 Rec8 26. Rxc4 bxc4 27. Qc3 Qd7 ({Better is} 27... g5 $14 28. Bg3 f5) 28. Nbd2 $16 {[%emt 0:00:12][%cal Bb3d2,Bd2c4,Bc4e5][%mdl 32] Black is now going downhill.} g5 (28... Qb5 $142) 29. Bg3 (29. Nxc4 $6 Qc7 30. Nxg5 fxg5 $11) 29... g4 (29... Ng8 $16 {is a better defense.} 30. Nxc4 Ba7) 30. hxg4 $18 (30. Nxc4 Bxf2+ 31. Bxf2 (31. Kxf2 gxf3 32. Qd3 Qc7 $16) 31... gxf3 $16) 30... Qxg4 31. Bh4 Qg6 (31... Bd8 $142 32. a4 (32. Nxc4 f5 $16) 32... a5) 32. Nxc4 Ba7 33. Nfd2 ({Don't take} 33. Ncxe5 Rxc3 34. Nxg6+ Kg7 $18) 33... f5 $2 {[%emt 0:08:05] [#]} (33... Ng4 34. Qh3 Rg8) 34. Nxe5 $1 {[%emt 0:01:54][%mdl 512] White is clearly winning.} Rxc3 35. Nxg6+ Kg7 36. Ne7 f4 37. Nf5+ Kg6 38. Nxh6 Kxh6 39. Nf3 Rxa3 40. e5 dxe5 41. Rxe5 Bb8 42. Re6+ Kh5 43. Rb6 {[%emt 0:00:12] Weighted Error Value: White=0.07 (flawless) /Black=0.28 (precise)} 1-0

[Event "3rd VIZAG GM-Open 2022"]
[Site "Visakapatnam"]
[Date "2022.06.13"]
[Round "4.3"]
[White "Stupak, Kirill"]
[Black "Baghdasaryan, Vahe"]
[Result "1-0"]
[ECO "D11"]
[WhiteElo "2440"]
[BlackElo "2267"]
[Annotator "TA"]
[PlyCount "105"]
[EventDate "2022.06.13"]
[EventType "swiss"]
[EventCountry "IND"]
[SourceTitle "playchess.com"]
[Source "ChessBase"]
[SourceQuality "1"]
[TimeControl "5400+30"]

1. Nf3 d5 2. g3 Nf6 3. Bg2 Bf5 4. O-O e6 5. d4 h6 6. c4 c6 7. Nc3 Be7 8. Qb3 Qb6 9. c5 Qxb3 10. axb3 O-O {[%emt 0:01:01] is more profitable than 10...Na6 at the moment. D11: Slav Defence: 3 Nf3 sidelines and 3...Nf6 4 e3 Bg4.} 11. b4 a6 12. h3 Nbd7 {[%emt 0:01:24] The position is equal.} 13. g4 Bh7 14. Bf4 Ne4 15. e3 g5 16. Bh2 f5 17. Rfd1 fxg4 18. hxg4 {[%emt 0:00:15] [#]} Ndf6 $146 ({Predecessor:} 18... Nef6 19. Bh3 Rae8 20. Rac1 Ne4 21. Nxe4 Rxf3 22. Ng3 Ref8 23. Rd2 Bd8 24. Bg2 R3f7 {½-½ (55) Tyutyunnik,R (2204)-Koch,C (2304) LSS email 2019}) 19. Nxe4 Nxe4 20. Rf1 Bf6 21. Be5 Be7 22. Bh2 Bf6 23. Be5 Be7 24. Bc7 h5 25. gxh5 g4 26. Nh2 Nd2 (26... Nf6 $14) 27. Rfd1 $16 (27. Nxg4 Nxf1 28. Kxf1 (28. Bxf1 Be4 $11) 28... Bd3+ 29. Ke1 Kh7 $14) 27... Nf3+ 28. Nxf3 gxf3 29. Bh3 Bf5 30. Kh2 Kh7 31. Rg1 Bxh3 32. Kxh3 {[%emt 0:00:10] Strongly threatening Rg6.} Rf5 33. Bf4 Bf6 34. Rg4 Rf8 35. Kg3 e5 (35... Rxh5 $142 36. Bd6 (36. Kxf3 e5 $14) 36... Rf7) 36. dxe5 Bxe5 37. Bxe5 ({Don't play} 37. Kxf3 $6 Bxb2 38. Rb1 Bf6 $11) 37... Rxe5 {[%emt 0:00:01][%mdl 4096] Endgame KRR-KRR} 38. Rh1 $1 Kh6 {[%emt 0:02:51] [#]} 39. Rhh4 $1 Rxe3 $2 {[%emt 0:00:14] Black cannot hold the game after this.} (39... Rxh5 $16 40. Rxh5+ Kxh5) 40. Rg6+ $18 ({Weaker is} 40. fxe3 f2 41. Rg6+ Kh7 $16) 40... Kh7 41. fxe3 {[%emt 0:00:06] White wants to mate with Rf4.} f2 42. Rh1 f1=Q 43. Rxf1 Rxf1 {[%emt 0:00:06] KR-KR} 44. Re6 Rb1 (44... Rc1 $142 45. Re7+ Kh6 46. Rxb7 Rc4) 45. Re7+ Kh6 46. Rxb7 Rxb2 47. Rb6 Kxh5 {[%emt 0:00:47] [#]} 48. Kf4 $1 Rb3 49. Rxc6 Rxb4+ 50. Ke5 Re4+ 51. Kxd5 Rxe3 52. Rxa6 Kg5 53. c6 {[%emt 0:00:28] Weighted Error Value: White=0.02 (flawless) /Black=0.47} 1-0

[Event "3rd VIZAG GM-Open 2022"]
[Site "Visakapatnam"]
[Date "2022.06.13"]
[Round "4.4"]
[White "Bharat Kumar Reddy Poluri"]
[Black "Nitin, S.."]
[Result "1/2-1/2"]
[ECO "B74"]
[WhiteElo "2224"]
[BlackElo "2399"]
[Annotator "TA"]
[PlyCount "36"]
[EventDate "2022.06.13"]
[EventType "swiss"]
[EventCountry "IND"]
[SourceTitle "playchess.com"]
[Source "ChessBase"]
[SourceQuality "1"]
[TimeControl "5400+30"]

1. e4 c5 2. Nf3 g6 3. d4 cxd4 4. Nxd4 Nc6 5. Nc3 Bg7 6. Be3 Nf6 7. Be2 O-O 8. Nb3 b6 9. f4 d6 10. O-O Bb7 11. Bf3 Nd7 12. Kh1 {[%emt 0:02:11] B74: Sicilian Dragon: Classical System with 9 Nb3.} Rc8 13. Qd2 {[%emt 0:01:24] [#]} a6 $146 (13... Bxc3 $11 14. bxc3 Qc7) ({Predecessor:} 13... Re8 14. Rad1 Nc5 15. Qf2 Bxc3 16. bxc3 Ba6 17. Rfe1 Na4 18. Bd2 Nb8 19. Qd4 Nb2 {0-1 (66) Varas Gonzalez,C (2259)-Romero Holmes,A (2501) Bergara 2012}) 14. Bg4 (14. e5 $1 $14) 14... Ncb8 (14... Bxc3 $142 15. bxc3 (15. Qxc3 $2 Nce5 $19) 15... Ncb8) 15. Bf3 (15. Bd4 $11) 15... Nc6 (15... Bxc3 $15 16. bxc3 Qc7) 16. Bg4 (16. e5 $14) 16... Ncb8 (16... Bxc3 $11 17. bxc3 (17. Qxc3 $2 Nce5 $19) 17... Ncb8) 17. Bf3 (17. Bd4 $14) 17... Nc6 (17... Bxc3 $15 18. bxc3 Qc7) 18. Bg4 {[%emt 1:10:12] White is more active.} ({White should try} 18. e5 $1 $14) 18... Ncb8 {[%emt 0:52:09] Weighted Error Value: White=0.63/Black=0.60} (18... Bxc3 $11 19. bxc3 (19. Qxc3 $2 Nce5 $19) 19... Ncb8) 1/2-1/2